 Dungeon Crawl Stone Soup version 0.32-a0-779-g362cfcae2a (webtiles) character file.

Game seed: 17130739569163296750

43 Dordric the Slasher (level 3, 0/27 HPs)
             Began as a Coglin Gladiator on Mar 20, 2024.
             Slain by a goblin
             ... wielding a +0 club
             ... led by Robin
              (6 damage)
             ... on level 2 of the Dungeon.
             The game lasted 00:01:07 (665 turns).

Dordric the Slasher (Coglin Gladiator)               Turns: 665, Time: 00:01:08

Health: 0/27       AC:  7    Str: 14    XL:     3   Next: 58%
Magic:  3/3        EV: 10    Int:  7    God:
Gold:   91         SH:  0    Dex: 17    Spells: 2/2 levels left

rFire   . . .        m - +2 whip (venom) {Cenhelm}
rCold   . . .        f - +0 dagger {Paullus}
rNeg    . . .        h - +1 ring mail {Will+}
rPois   .            c - +0 helmet
rElec   .            (no cloak)
rCorr   .            (no gloves)
SInv    .            (no boots)
Will    +....        (amulet unavailable)
Stlth   +            (ring unavailable)
HPRegen 0.24/turn    (ring unavailable)
MPRegen 0.08/turn    (no gizmo)

%: no passive effects
@: revving
A: off-hand wielding, slow wielding, warmup strikes, no jewellery
a: Invent Gizmo


You were on level 2 of the Dungeon.
You visited 1 branch of the dungeon, and saw 2 of its levels.

You collected 91 gold pieces.

Inventory:

Hand Weapons
 a - a +0 long sword {Kenrick}
 f - a +0 dagger (offhand) {Paullus}
 m - a +2 whip of venom (weapon) {Cenhelm}
Missiles
 d - 3 throwing nets (quivered)
 e - 6 javelins
Armour
 b - a +0 leather armour
 c - a +0 helmet (worn)
 h - a +1 ring mail of willpower (worn)
Scrolls
 g - a scroll of revelation {unknown}
 i - a scroll of identify {unknown}
 o - a scroll of enchant weapon {unknown}
Potions
 j - a potion of enlightenment {unknown}
 k - a potion of degeneration {unknown}
 l - a potion of mutation {unknown}
 n - a potion of cancellation {unknown}
 p - a potion of might {unknown}


   Skills:
 - Level 2.0 Fighting
 + Level 4.5 Long Blades
 - Level 1.7 Throwing
 - Level 2.6 Dodging


You had 2 spell levels left.
You didn't know any spells.
Your spell library was empty.

Dungeon Overview and Level Annotations

Branches:
Dungeon (2/15)

Altars:

Annotations:
D:2 Robin


Innate Abilities, Weirdness & Mutations

You can wield a second weapon in your off-hand.
It takes a long time for you to wield or remove held weapons.
Your first few attacks do less damage.
You cannot equip rings or amulets.


Message History

You are too injured to fight recklessly!
You are too injured to fight recklessly!
You are too injured to fight recklessly!
You are too injured to fight recklessly!
You are too injured to fight recklessly!
You are too injured to fight recklessly!
You are too injured to fight recklessly!
You are too injured to fight recklessly!
You are too injured to fight recklessly!
You are too injured to fight recklessly!
You are too injured to fight recklessly!
You are too injured to fight recklessly!
You are too injured to fight recklessly!
You are too injured to fight recklessly!
You are too injured to fight recklessly!
You completely miss the goblin with your +0 dagger.
The goblin is moderately wounded.
You hit the goblin with your +2 whip of venom.
You kill the goblin!
The goblin hits you but does no damage. The goblin closely misses you.
Robin throws the goblin at you!
A goblin comes into view. It is wielding a +0 dagger.
You whack the goblin with your +2 whip of venom!
You kill the goblin!
The goblin closely misses you.
Robin says, "Bow before me, strongest of all the hobgoblins!"
Robin throws the goblin at you! The goblin hits you with a +0 club.
You hit the goblin with your +0 dagger.
You kill the goblin!
The goblin hits you but does no damage. x2
Robin hits you from afar with a +0 spear.
* * * LOW HITPOINT WARNING * * *
The goblin barely misses you. The goblin attacks as it pursues you!
The goblin hits you with a +0 club.
* * * LOW HITPOINT WARNING * * *
Items here: ))))))) †††.
The goblin attacks as it pursues you! The goblin closely misses you.
There is a stone staircase leading up here.
The goblin hits you with a +0 club.
You die...

#.#.......
........ #
....... #.
..... #..
.... #...
g.#
.....####g#
.......@#.#
........gg#
.....######
.... ###


You could see 2 goblins.

Vanquished Creatures
  A dart slug (D:1)
  A ball python (D:1)
  4 endoplasms (D:1)
  8 goblins
  5 hobgoblins
  4 jackals (D:1)
  2 kobolds (D:1)
  4 bats (D:1)
  2 frilled lizards (D:1)
  4 rats (D:1)
35 creatures vanquished.

Notes
Turn   | Place    | Note
-------+----------+-------------------------------------------
     0 | D:1      | Dordric the Coglin Gladiator began the quest for the Orb.
     0 | D:1      | Reached XP level 1. HP: 16/16 MP: 1/1
   158 | D:1      | Reached XP level 2. HP: 11/22 MP: 2/2
   354 | D:1      | Reached skill level 4 in Long Blades
   369 | D:1      | Reached XP level 3. HP: 27/27 MP: 3/3
   621 | D:2      | Noticed Robin
   665 | D:2      | Slain by a goblin

Illustrated notes

Levels and vault maps discovered:
D:1:      wander_arrival_lonely_grave, layout_basic, minmay_close_crescents
D:2:      layout_basic, uniq_crazy_yiuf_cottage, uniq_robin

Skill      XL: |  1  2 |
---------------+-------+-----
Long Blades    | 4 |  4.5
Fighting       | |  2.0
Throwing       | |  1.7
Dodging        | |  2.6

Action                     || total
---------------------------++-------
  Melee: Long sword        ||    56
         Dagger            ||    61
         Whip              ||    14
   Stab: Sleeping          ||     1
 Armour: Leather armour    ||    25
         Ring mail         ||    34
  Dodge: Dodged            ||    63

Table legend: (Time is in decaauts)
 A = Elapsed time spent in this place.
 B = Non-inter-level travel time spent in this place.
 C = Inter-level travel time spent in this place.
 D = Time resting spent in this place.
 E = Time spent auto-exploring this place.
 F = Levels seen in this place.
 G = Mean time per level.
                   A        B        C        D        E       F      G
               +--------+--------+--------+--------+--------+-----+--------+
         Total |    668 |    649 |     19 |      0 |    428 |   2 |  334.0 |
       Dungeon |    668 |    649 |     19 |      0 |    428 |   2 |  334.0 |
               +--------+--------+--------+--------+--------+-----+--------+

Top non-repeatable levels by time:
     D:1: 622 daAuts
     D:2: 45 daAuts
